Map: 벨시르 잔재 (공허)

Players

ByuN - Winner!

  • Race: Terran Terran
  • Spawn Location: 5:00

HeRoMaRinE

  • Race: Terran Terran
  • Spawn Location: 11:00

Event: IEM XI Katowice - World Championship 2017

VOD

Have the link to the VOD?

Description

Time

  • Played on: March 2, 2017, 5:45 a.m.
  • Length: 9:45

All games in this series

Show
View Real Time Build Order
Export as new Build Order

ByuN Terran - Winner!

Build Orders: MMM Bio 

Get SALT Encoding   

  12  0:00  SCV  
  13  0:13  SCV  
  14  0:16  Supply Depot  
  14  0:25  SCV  
  14  0:27  Refinery  
  15  0:38  SCV  
  16  0:43  Barracks  
  16  0:50  SCV  
  16  0:54  Refinery  
  17  1:02  SCV  
  18  1:14  SCV  
  19  1:31  Factory, Orbital Command  
  20  1:32  Reaper  
  20  1:43  Supply Depot  
  20  1:56  SCV  
  21  2:05  Reaper  
  22  2:08  SCV  
  23  2:16  Hellion  
  23  2:19  Command Center  
  25  2:23  SCV  
  26  2:35  SCV  
  26  2:37  Barracks Reactor  
  26  2:45  Starport  
  26  2:46  Hellion  
  26  2:48  Supply Depot  
  26  2:50  SCV  
  28  3:02  SCV  
  29  3:10  Cyclone  
  32  3:14  SCV  
  32  3:15  Marine x2  
  35  3:25  Medivac  
  35  3:26  SCV  
  39  3:39  SCV  
  39  3:40  Marine x2  
  39  3:41  Orbital Command  
  41  3:45  Cyclone  
  44  3:51  SCV  
  44  3:58  Marine x2  
  46  4:04  Medivac  
  46  4:06  Supply Depot, SCV x2  
  50  4:16  Marine x2  
  52  4:18  SCV  
  52  4:19  SCV  
  52  4:23  Supply Depot  
  54  4:30  SCV  
  55  4:33  SCV  
  55  4:34  Marine x2, Factory Tech Lab, Supply Depot  
  55  4:43  SCV  
  55  4:45  SCV  
  54  4:46  Starport Reactor  
  54  4:49  Viking  
  58  4:55  SCV  
  58  4:57  Siege Tank, SCV  
  61  5:03  Barracks  
  61  5:05  Barracks  
  62  5:07  SCV  
  62  5:08  Barracks Tech Lab  
  62  5:09  SCV  
  63  5:19  SCV  
  64  5:21  SCV  
  64  5:25  Starport Reactor  
  64  5:26  Engineering Bay  
  64  5:28  Refinery  
  64  5:29  Refinery  
  64  5:31  SCV  
  64  5:33  SCV  
  66  5:36  Marine  
  66  5:37  Stimpack  
  67  5:42  Supply Depot  
  67  5:43  SCV  
  67  5:45  SCV  
  67  5:49  Siege Tank  
  70  5:53  Marine x2  
  70  5:54  Marine, Barracks Tech Lab  
  70  5:55  SCV  
  68  5:57  SCV  
  67  6:07  SCV  
  67  6:09  SCV  
  67  6:10  Barracks  
  64  6:11  Marine x2  
  64  6:12  Marine, Terran Infantry Weapons Level 1  
  64  6:13  Barracks  
  64  6:16  Supply Depot  
  64  6:17  Supply Depot  
  67  6:19  SCV  
  67  6:20  Missile Turret  
  67  6:21  Marine, SCV  
  70  6:27  Medivac  
  70  6:28  Medivac  
  70  6:29  Marine  
  70  6:31  Siege Tank  
  79  6:34  Marine x2  
  79  6:39  Marine  
  81  6:41  Combat Shields  
  81  6:47  Marine  
  81  6:49  Supply Depot  
  81  6:50  Missile Turret  
  81  6:52  Marine x2  
  84  6:57  Marine  
  84  7:01  Barracks Reactor x2  
  85  7:05  Marine  
  86  7:09  Supply Depot  
  86  7:10  Marine x2  
  86  7:12  Command Center  
  88  7:16  Medivac x2  
  88  7:21  Marine  
  88  7:22  Marine  
  93  7:25  Supply Depot  
  93  7:28  Marine x2  
  93  7:29  Siege Tank  
  99  7:39  Marine  
  99  7:40  Marine  
  101  7:44  Marine x2  
  101  7:45  Marine x2  
  101  7:46  Marine x2  
  101  7:49  Medivac x2  
  111  7:55  Supply Depot  
  111  7:56  Marine  
  111  7:58  Marine  
  112  8:01  Siege Tank  
  112  8:02  Marine x2  
  112  8:03  Marine x4  
  122  8:12  SCV x2  
  124  8:14  Marine  
  124  8:16  Marine  
  124  8:19  Marine  
  126  8:20  Marine  
  126  8:21  Marine x4  
  126  8:24  SCV x2  
  134  8:32  Marine  
  134  8:33  Siege Tank  
  134  8:34  Marine  
  132  8:37  Marine x2  
  132  8:39  Marine x4  
  132  8:43  SCV x2, Orbital Command  
  132  8:46  Missile Turret  
  134  8:49  Armory  
  134  8:50  Marine, Engineering Bay  
  134  8:51  Marine  
  134  8:55  Marine x2  
  136  8:56  Marine  
  136  8:57  Marine x2, Supply Depot  
  136  9:01  Marine  
  142  9:05  Siege Tank, SCV x2  
  142  9:08  Medivac  
  149  9:18  Marine, Supply Depot  
  149  9:23  Marine  
  149  9:24  Marine x2  
  148  9:35  Sensor Tower  
Show
View Real Time Build Order
Export as new Build Order

HeRoMaRinE Terran 

Build Orders: 1/1/1, Cyclone Opening, Bio Tank 

Get SALT Encoding   

  12  0:00  SCV  
  13  0:12  SCV  
  14  0:17  Supply Depot  
  14  0:24  SCV  
  14  0:28  Refinery  
  15  0:38  SCV  
  16  0:43  Barracks  
  16  0:50  SCV  
  16  0:54  Refinery  
  17  1:02  SCV  
  18  1:15  SCV  
  19  1:31  Orbital Command  
  19  1:32  Factory  
  19  1:33  Reaper  
  20  1:45  Supply Depot  
  20  1:56  SCV  
  21  2:05  Reaper  
  21  2:08  SCV  
  23  2:16  Hellion  
  23  2:17  Starport  
  23  2:20  SCV  
  26  2:22  Supply Depot  
  26  2:32  SCV  
  27  2:37  Cyclone  
  27  2:42  Barracks Tech Lab  
  29  2:44  SCV  
  30  2:56  SCV  
  33  3:09  SCV  
  33  3:12  Raven  
  33  3:13  Barracks Reactor  
  33  3:18  Widow Mine  
  35  3:25  Command Center  
  35  3:27  Supply Depot  
  35  3:28  SCV  
  36  3:40  SCV  
  37  3:52  Marine  
  37  3:53  Marine, SCV  
  37  3:55  Raven  
  42  3:56  Factory Tech Lab  
  42  4:05  SCV  
  42  4:07  Supply Depot  
  43  4:10  Marine  
  43  4:11  Marine  
  45  4:17  SCV  
  45  4:19  Siege Tank  
  47  4:28  Marine x2  
  47  4:29  SCV  
  50  4:37  Orbital Command  
  50  4:41  SCV  
  47  4:51  Siege Tank, Barracks  
  47  4:52  Barracks  
  50  4:54  SCV  
  50  4:58  Marine  
  52  5:02  Stimpack, Refinery  
  52  5:03  SCV  
  52  5:06  SCV  
  53  5:08  Engineering Bay  
  49  5:15  SCV  
  49  5:16  Marine  
  49  5:18  SCV  
  50  5:27  SCV  
  47  5:29  Siege Tank  
  47  5:30  SCV  
  50  5:39  Marine x4, SCV  
  52  5:42  SCV  
  50  5:51  SCV  
  50  5:55  SCV  
  50  5:57  Marine x2  
  49  5:59  Marine  
  49  6:03  SCV  
  52  6:07  SCV  
  52  6:08  Marine  
  52  6:15  SCV  
  52  6:16  Marine  
  52  6:18  Marine, Engineering Bay  
  55  6:19  SCV  
  55  6:20  Starport Reactor  
  55  6:25  Barracks Reactor  
  56  6:27  SCV  
  56  6:31  Siege Tank, SCV  
  62  6:35  Supply Depot  
  62  6:38  Supply Depot  
  62  6:39  SCV  
  62  6:40  Barracks Reactor  
  62  6:46  Terran Infantry Weapons Level 1  
  62  6:57  Marine x3, SCV x2  
  62  7:00  Supply Depot  
  67  7:07  Refinery  
  67  7:08  Siege Tank  
  70  7:09  SCV x2  
  70  7:14  Marine x3, Supply Depot  
  75  7:19  Marine x2  
  75  7:21  SCV  
  75  7:22  SCV, Medivac  
  81  7:26  Medivac  
  81  7:28  Supply Depot  
  83  7:32  Marine x3  
  83  7:36  SCV  
  83  7:37  Marine  
  87  7:38  Marine, Supply Depot  
  87  7:40  Siege Tank  
  88  7:50  Marine  
  88  7:51  Marine  
  88  7:52  Marine  
  88  7:57  Marine x2  
  92  8:01  Supply Depot, Medivac x2  
  96  8:05  Supply Depot  
  96  8:08  Marine  
  96  8:09  Marine  
  96  8:12  Marine  
  98  8:13  Supply Depot  
  98  8:14  Marine  
  98  8:15  Marine  
  98  8:17  Siege Tank  
  103  8:21  Combat Shields  
  103  8:26  Marine  
  104  8:27  Marine  
  104  8:32  Marine  
  104  8:33  Marine  
  104  8:34  Marine  
  98  8:38  Medivac x2  
  94  8:43  Marine  
  94  8:45  Marine  
  96  8:50  Marine x2  
  98  8:57  Marine  
  98  9:01  Marine  
  98  9:02  Siege Tank  
  103  9:03  Marine  
  103  9:08  Marine x2  
  106  9:15  Marine  
  105  9:19  Marine  
  105  9:20  Marine  
  92  9:26  Marine x2  
  96  9:41  Engineering Bay  

Tags
 
Add a new tag
Caveats
  • Supply blocks, unpowered buildings, or Contaminate may cause inaccurate times.
  • Supply counts are checked every 10 seconds.